 Dungeon Crawl Stone Soup version 0.30.1-11-g7821555f0a (webtiles) character file.

Game seed: 316716901025797099

34 mooti9 the Covered (level 3, -3/33 HPs)
             Began as a Hill Orc Fighter on Nov 3, 2023.
             Killed from afar by Sigmund (5 damage)
             ... with a puff of flame
             ... on level 2 of the Dungeon.
             The game lasted 00:07:19 (1247 turns).

mooti9 the Covered (Hill Orc Fighter)               Turns: 1247, Time: 00:07:21

Health: -3/33      AC:  8    Str: 20    XL:     3   Next: 31%
Magic:  3/3        EV:  9    Int:  8    God:
Gold:   42         SH:  4    Dex: 10    Spells: 2/2 levels left

rFire   . . .        a - +0 war axe
rCold   . . .        c - +0 buckler
rNeg    . . .        b - +0 scale mail
rPois   .            (no helmet)
rElec   .            (no cloak)
rCorr   .            g - +0 pair of gloves
SInv    .            (no boots)
Will    .....        (no amulet) Stlth
                     (no ring)
HPRegen 0.25/turn    (no ring)
MPRegen 0.08/turn

%: no passive effects
@: no status effects
A: no striking features
a: no special abilities


You were on level 2 of the Dungeon.
You visited 1 branch of the dungeon, and saw 2 of its levels.

You collected 42 gold pieces.

Inventory:

Hand Weapons
 a - a +0 war axe (weapon)
Missiles
 e - 9 stones (quivered)
Armour
 b - a +0 scale mail (worn)
 c - a +0 buckler (worn)
 g - a +0 pair of gloves (worn)
Scrolls
 h - a scroll of fog {unknown}
 i - a scroll of noise {unknown}
Potions
 d - a potion of might
 f - 3 potions of curing {unknown}
 j - a potion of berserk rage {unknown}
 k - a potion of invisibility {unknown}
 l - a potion of brilliance {unknown}


   Skills:
 + Level 3.8 Fighting
 + Level 3.0 Axes
 + Level 3.9 Armour
 + Level 3.8 Shields


You had 2 spell levels left.
You didn't know any spells.
Your spell library contained the following spells:

 Spells                   Type           Power      Damage    Failure   Level
 Apportation              Tloc           0%         N/A       83%         1
 Necrotise                Necr           0%         1d4       83%         1
 Summon Small Mammal      Summ           0%         N/A       83%         1


Dungeon Overview and Level Annotations

Branches:
Dungeon (2/15)

Altars:

Annotations:
D:2 Sigmund


Message History

Found a bubbling red potion.
There is a stone staircase leading up here.
l - a bubbling red potion
f - 3 fizzy dark potions (gained 1)
An endoplasm comes into view.
The endoplasm quivers.
The endoplasm freezes you.
You are frozen.
You hit the endoplasm.
The endoplasm is almost dead.
The endoplasm closely misses you.
You hit the endoplasm.
You kill the endoplasm!
Sigmund the Dreaded comes into view.
He is wielding a +2 heavy scythe and wearing a +2 robe of cold resistance.
Sigmund shouts!
Sigmund closely misses you.
You slash Sigmund!
Sigmund is moderately wounded.
A worm comes into view.
Sigmund hits you with a +2 heavy scythe!!
Ouch! That really hurt!
You hit Sigmund but do no damage.
Sigmund is moderately wounded.
You hit Sigmund but do no damage.
Sigmund is moderately wounded.
You block Sigmund's attack.
You hit Sigmund.
Sigmund is heavily wounded.
You closely miss Sigmund.
Sigmund is heavily wounded.
Sigmund drinks a potion.
Sigmund is healed!
You hit Sigmund but do no damage.
Sigmund hits you with a +2 heavy scythe!
* * * LOW HITPOINT WARNING * * *
You hit Sigmund.
Sigmund is lightly wounded.
You hit the worm.
Sigmund points at you and mumbles some strange words.
The puff of flame hits you.
You die...

# ############## #.
.......<.....#
###.##############.#
........# #.#
#.......# #.#
#.......##########.#
......w.........##.#
#......@####.##.##.#
#......@# #.##.##.#
#.......#
#.##.##.####
###.#...#
#.##.##....#
#.##♣♣.♣
..##.#####.# #. ~~~
####.# #.# # P.~ #.#
#.# ♣~~ #.# #.#
#.#####.#


You could see Sigmund and a worm.

Vanquished Creatures
  A dart slug (D:1)
  A bat (D:1)
  3 endoplasms
  A giant cockroach (D:1)
  2 hobgoblins (D:1)
  4 jackals (D:1)
  3 kobolds (D:1)
  2 quokkas (D:1)
  2 frilled lizards (D:1)
  5 goblins (D:1)
  2 rats (D:1)
26 creatures vanquished.

Notes
Turn   | Place    | Note
-------+----------+-------------------------------------------
     0 | D:1      | mooti9 the Hill Orc Fighter began the quest for the Orb.
     0 | D:1      | Reached XP level 1. HP: 19/19 MP: 1/1
   117 | D:1      | Reached XP level 2. HP: 22/27 MP: 2/2
   960 | D:1      | Reached XP level 3. HP: 33/33 MP: 3/3
  1238 | D:2      | Noticed Sigmund
  1247 | D:2      | Killed from afar by Sigmund

Illustrated notes

Levels and vault maps discovered:
D:1:      ncdulo_wetmaze, layout_basic
D:2:      minmay_wonky_spiral, layout_loops_ring,
          shapermc_ecumenical_altar_hornbeckon, serial_bayou_crossing,
          uniq_sigmund

Skill      XL: |  1  2  3 |
---------------+----------+-----
Axes           | 3 |  3.0
Fighting       | |  3.8
Armour         | |  3.9
Shields        | |  3.8

Action                     || total
---------------------------++-------
  Melee: War axe           ||    61
    Use: Scroll            ||     1
 Armour: Scale mail        ||    24
  Dodge: Dodged            ||    23
  Block: Buckler           ||    16
